 Dungeon Crawl Stone Soup version 0.26.1-11-gd32895ea62 (webtiles) character file.

Game seed: 8104443345797746996

68 Gwenloh the Conjurer (level 3, -2/26 HPs)
             Began as a Demigod Conjurer on May 7, 2021.
             Killed from afar by Ijyb (7 damage)
             ... with a puff of flame
             ... on level 3 of the Dungeon.
             The game lasted 00:04:46 (1997 turns).

Gwenloh the Conjurer (Demigod Conjurer)             Turns: 1997, Time: 00:04:47

Health: -2/26      AC:  4    Str: 10    XL:     3   Next: 73%
Magic:  1/8        EV: 12    Int: 24    God:
Gold:   153        SH:  0    Dex: 20    Spells: 2/5 levels left

rFire    . . .     SeeInvis .   q - +2 rapier (venom)
rCold    . . .     Faith    .   (no shield)
rNeg     . . .     Spirit   .   h - +0 leather armour (curse)
rPois    .         Reflect  .   o - +0 helmet
rElec    .         Harm     .   (no cloak)
rCorr    .         Rampage  .   (no gloves)
Will     .....                  (no boots)
Stlth    ++........             (no amulet)
HPRegen  0.08/turn              i - +6 ring of dexterity
MPRegen  0.11/turn              (no ring)

@: no status effects
A: high mp 1
a: no special abilities


You were on level 3 of the Dungeon.
You visited 1 branch of the dungeon, and saw 3 of its levels.

You collected 153 gold pieces.

Inventory:

Hand Weapons
 e - a +1 short sword of venom
 q - a +2 rapier of venom (weapon)
Missiles
 d - 117 stones
Armour
 a - a +0 robe
 h - a cursed +0 leather armour (worn)
 o - a +0 helmet (worn)
Jewellery
 i - a +6 ring of dexterity (left hand)
Scrolls
 b - 2 scrolls of teleportation {unknown}
 c - a scroll of blinking {unknown}
 f - 3 scrolls of identify {unknown}
 g - a scroll of enchant armour {unknown}
 j - a scroll of remove curse {unknown}
 k - a scroll of enchant weapon {unknown}
Potions
 l - 2 potions of flight {unknown}
 m - a potion of brilliance {unknown}
 n - a potion of attraction {unknown}
 p - a potion of haste {unknown}


   Skills:
 - Level 1.7 Dodging
 - Level 1.7 Stealth
 - Level 1.7 Spellcasting
 + Level 5.1 Conjurations


You had 2 spell levels left.
You knew the following spells:

 Your Spells              Type           Power        Failure   Level
a - Magic Dart            Conj           100%         1%          1
b - Searing Ray           Conj           52%          3%          2

Your spell library contained the following spells:

 Spells                   Type           Power        Failure   Level
 Dazzling Flash           Conj/Hex       28%          17%         3
 Fulminant Prism          Conj/Hex       7%           50%         4
 Iskenderun's Mystic Bla  Conj/Tloc      14%          50%         4


Dungeon Overview and Level Annotations

Branches:
Dungeon (3/15)

Annotations:
D:3 Ijyb


Innate Abilities, Weirdness & Mutations

You have an increased reservoir of magic. (+10% MP)


Message History

Ijyb is severely wounded.
Casting: Magic Dart (safe; 1% risk of failure)
Confirm with . or Enter, or press ? or * to list all spells.
You don't have enough magic to cast that spell.
Ijyb zaps a wand.
The puff of flame hits you!
* * * LOW HITPOINT WARNING * * *
Unknown command.
You closely miss Ijyb.
Ijyb is severely wounded.
Ijyb hits you.
* * * LOW HITPOINT WARNING * * *
Ijyb completely misses you.
You hit Ijyb but do no damage.
Ijyb is poisoned.
Ijyb is severely wounded.
A bat comes into view.
Ijyb zaps a wand.
The puff of flame misses you.
Ijyb zaps a wand.
The puff of flame misses you.
Ijyb zaps a wand.
The puff of flame misses you.
Ijyb zaps a wand.
The puff of flame hits you!
You die...

#.# #...#.........+..........
#.# #...#.........#.#.##..#..
#.# #........................
#.###...#..........g.........
###.##................#......).
#..................##..!.......
######.....###..........?......
#.....###............###..
##.........@..........# .
#...........#####......#
##...###...............#
###<###...............#
#.....†............$...#
#......................#
#.......#...####. #.......#####
#.<.........


You could see Ijyb (poisoned).

Vanquished Creatures
  A worker ant (D:2)
  An adder (D:2)
  3 leopard geckos (D:2)
  A ball python (D:1)
  3 giant cockroaches
  4 hobgoblins
  5 kobolds
  5 bats
  4 frilled lizards
  3 goblins
  2 rats (D:1)
32 creatures vanquished.

Notes
Turn   | Place    | Note
-------+----------+-------------------------------------------
     0 | D:1      | Gwenloh the Demigod Conjurer began the quest for the Orb.
     0 | D:1      | Reached XP level 1. HP: 14/14 MP: 5/5
   311 | D:1      | Reached skill level 4 in Conjurations
   445 | D:1      | Reached XP level 2. HP: 20/20 MP: 4/7
   449 | D:1      | Learned a level 2 spell: Searing Ray
  1248 | D:2      | Reached XP level 3. HP: 26/26 MP: 3/8
  1289 | D:2      | Reached skill level 5 in Conjurations
  1976 | D:3      | Noticed Ijyb
  1997 | D:3      | Killed from afar by Ijyb

Illustrated notes

Levels and vault maps discovered:
D:1:      sevenhm_arrival_forest_fort_large_2, layout_basic
D:2:      layout_basic
D:3:      wad_lake_hut, layout_basic, uniq_natasha, uniq_jessica, uniq_ijyb

Skill      XL: |  1  2  3 |
---------------+----------+-----
Conjurations   | 4 5 |  5.1
Dodging        | |  1.7
Stealth        | |  1.7
Spellcasting   | |  1.7

Action                   || total
-------------------------++-------
Melee: Short sword       ||     5
       Rapier            ||     2
 Cast: Magic Dart        ||    62
Armor: Robe              ||     1
Dodge: Dodged            ||    13
